 Dungeon Crawl Stone Soup version 0.29-a0-649-g45c230d (webtiles) character file.

Game seed: 16725786407521242586

17 Illumine the Cudgeller (level 3, -3/31 HPs)
             Began as a Meteoran Cinder Acolyte on June 21, 2022.
             Was a High Priest of Ignis.
             Slain by an adder (4 damage)
             ... on level 2 of the Dungeon.
             The game lasted 00:00:59 (414 turns).

Illumine the Cudgeller (Meteoran Cinder Acolyte)     Turns: 414, Time: 00:01:00

Health: -3/31      AC:  2    Str: 18    XL:     3   Next: 2%
Magic:  2/7        EV: 11    Int: 15    God:    Ignis [*****.]
Gold:   8          SH:  0    Dex:  9    Spells: 4/6 levels left

rFire   + . .      SeeInvis .   a - -1 mace (flame)
rCold   . . .      Faith    .   (no shield)
rNeg    . . .      Spirit   .   b - +0 robe
rPois   .          Reflect  .   (no helmet)
rElec   .          Harm     .   (no cloak)
rCorr   .          Rampage  .   (no gloves)
Will    .....                   (no boots)
Stlth   +.........              (no amulet)
HPRegen 0.10/turn               (no ring)
MPRegen 0.10/turn               (no ring)

@: brilliant, glowing
A: sense surroundings 1, otherworldly, glowing, explore regen
a: Renounce Religion, Fiery Armour, Foxfire Swarm, Rising Flame


You were on level 2 of the Dungeon.
You worshipped Ignis.
Ignis was extremely pleased with you.
You visited 1 branch of the dungeon, and saw 2 of its levels.

You collected 8 gold pieces.

Inventory:

Hand Weapons
 a - a -1 mace of flaming (weapon)
Armour
 b - a +0 robe (worn)
 c - a +0 tower shield
Scrolls
 d - a scroll of poison {unknown}
 e - a scroll of enchant armour {unknown}
 g - a scroll of noise {unknown}


   Skills:
 + Level 3.5 Fighting
 + Level 4.3 Maces & Flails
 + Level 2.0 Spellcasting
 + Level 3.9 Fire Magic


You had 4 spell levels left.
You knew the following spells:

 Your Spells              Type           Power      Damage    Failure   Level
a - Scorch                Fire           38%        2d6       7%          2

Your spell library contained the following spells:

 Spells                   Type           Power      Damage    Failure   Level


Dungeon Overview and Level Annotations

Branches:
Dungeon (2/15) Zot: 778

Altars:


Innate Abilities, Weirdness & Mutations

You passively map a small area around you.
You are easily found by Zot.
You glow in the dark.
You regain HP and MP as you explore.


Message History

You closely miss the adder.
The adder is heavily wounded.
You feel sick. The adder bites you.
* * * LOW HITPOINT WARNING * * *
You are lethally poisoned!
The adder poisons you!
It was a potion of curing.
You feel better. The adder bites you but does no damage.
The adder completely misses you.
You hit the adder. You burn the adder.
The adder is almost dead.
The adder misses you.
You miss the adder.
The adder is almost dead.
The adder barely misses you. The adder bites you.
You miss the adder.
The adder is severely wounded.
The adder closely misses you.
You closely miss the adder.
The adder is severely wounded.
The adder bites you.
You are poisoned.
The adder poisons you! The adder closely misses you.
You miss the adder.
The adder is severely wounded.
You feel sick. The adder barely misses you. The adder misses you.
You barely miss the adder.
The adder is severely wounded.
You feel sick. The adder bites you.
* * * LOW HITPOINT WARNING * * *
You closely miss the adder.
The adder is severely wounded.
You feel sick. The adder bites you but does no damage. The adder bites you.
* * * LOW HITPOINT WARNING * * *
It was a potion of brilliance.
You feel clever all of a sudden.
* * * LOW HITPOINT WARNING * * *
You feel sick.
You are no longer poisoned.
The adder bites you.
You die...

..#.>... * *
..#.#.. >...** *
, ,...... .... ,
..........,.S...
* .... ...#,....
*#...*#..#....##
* *...
#..#.#...#, #.#
#@S...# ,
#.###.....##
#...........#,*
* ,
#.............,
, ,
#†##........## *
#.###.#...###
#.# #.#.#... ,
,* #.#
#.##.####* * #.#
#..,.. ,*


You could see an adder.

Vanquished Creatures
  3 worms (D:2)
  A ball python (D:1)
  An endoplasm (D:2)
  A goblin (D:1)
  A hobgoblin (D:2)
  2 rats (D:1)
9 creatures vanquished.

Notes
Turn   | Place    | Note
-------+----------+-------------------------------------------
     0 | D:1      | Illumine the Meteoran Cinder Acolyte began the quest for
                  | the Orb.
     0 | D:1      | Reached XP level 1. HP: 19/19 MP: 3/3
   220 | D:2      | Reached XP level 2. HP: 26/26 MP: 5/5
   244 | D:2      | Learned a level 2 spell: Scorch
   400 | D:2      | Reached XP level 3. HP: 16/31 MP: 2/7
   414 | D:2      | HP: 1/31 [poisoned by an adder]
   414 | D:2      | Slain by an adder

Illustrated notes

Levels and vault maps discovered:
D:1:      matt_arrival_grand_opening, layout_loops_corners,
          dreamdust_ecumenical_altar_grove, dreamdust_wishing_well,
          grunt_decor_one_mirror, minmay_tetromino_i4
D:2:      kennysheep_six_static_rooms, layout_loops_ring

Skill      XL: |  1  2 |
---------------+-------+-----
Spellcasting   | 2 |  2.0
Fighting       | |  3.5
Maces & Flails | |  4.3
Fire Magic     | |  3.9

Action                   || total
-------------------------++-------
Melee: Mace              ||    32
 Cast: Scorch            ||     5
  Use: Potion            ||     2
Armor: Robe              ||     7
Dodge: Dodged            ||    15

Table legend: (Time is in decaauts)
 A = Elapsed time spent in this place.
 B = Non-inter-level travel time spent in this place.
 C = Inter-level travel time spent in this place.
 D = Time resting spent in this place.
 E = Time spent auto-exploring this place.
 F = Levels seen in this place.
 G = Mean time per level.
                   A        B        C        D        E       F      G
               +--------+--------+--------+--------+--------+-----+--------+
         Total |    420 |    420 |      0 |      0 |    279 |   2 |  210.0 |
       Dungeon |    420 |    420 |      0 |      0 |    279 |   2 |  210.0 |
               +--------+--------+--------+--------+--------+-----+--------+

Top non-repeatable levels by time:
     D:2: 233 daAuts
     D:1: 186 daAuts
